 Dungeon Crawl Stone Soup version 0.19.0-2-gae57169 (webtiles) character file.

14908 Chiseanne the Cleaver (level 11, -10/154 (156) HPs)
             Began as a Minotaur Berserker on Nov 3, 2016.
             Was an Elder of Trog.
             Mangled by an orc warrior
             ... wielding a +0 glaive
              (20 damage)
             ... on level 2 of the Orcish Mines.
             The game lasted 00:25:54 (6293 turns).

Chiseanne the Cleaver (Minotaur Berserker)          Turns: 6293, Time: 00:25:55

HP:   -10/154 (156) AC: 14    Str: 27    XL:     11   Next: 94%
MP:   10/10         EV: 17    Int:  4    God:    Trog [****..]
Gold: 920           SH:  0    Dex: 13    Spells: 0 memorised, 10 levels left

rFire  + + .     SeeInvis .     a - +5 war axe (freeze)
rCold  . . .     Gourm    .     y - +1 ring mail {rF+}
rNeg   . . .     Faith    .     (no shield)
rPois  .         Spirit   .     (helmet restricted)
rElec  .         Reflect  .     r - +2 cloak
rCorr  .         Harm     .     (no gloves)
MR     ++...                    (no boots)
Stlth  ..........               (no amulet)
                                A - ring of protection from fire
                                (no ring)

@: berserking (expiring), regenerating, very quick
A: retaliatory headbutt, horns 2, iridescent scales 1
a: Berserk, Trog's Hand, Brothers in Arms, Burn Spellbooks, Renounce Religion


You were on level 2 of the Orcish Mines.
You worshipped Trog.
Trog was greatly pleased with you.
You were very hungry.

You visited 2 branches of the dungeon, and saw 14 of its levels.

You collected 920 gold pieces.

Inventory:

Hand Weapons
 a - a +5 war axe of freezing (weapon)
 s - a +4 scimitar of flaming
 z - a cursed +0 battleaxe
Missiles
 i - 20 tomahawks (quivered)
 q - 7 javelins
Armour
 r - a +2 cloak (worn)
 y - a +1 ring mail of fire resistance (worn)
Jewellery
 A - a ring of protection from fire (right hand)
Wands
 b - a wand of iceblast (2/15)
Scrolls
 h - a scroll of teleportation
 j - 2 scrolls of magic mapping
 m - a scroll of remove curse
 o - 2 scrolls of summoning
 t - 2 scrolls of fog
 u - a scroll of blinking
Potions
 e - a potion of curing
 f - a potion of heal wounds {unknown}
 g - a potion of resistance
 l - 2 potions of brilliance
Books
 v - a book of Debilitation

   Spells                             Type                      Level
   a - Corona                         Hexes                        1
   b - Slow                           Hexes                        2
   c - Gell's Gravitas                Hexes/Translocation          3
   d - Inner Flame                    Hexes/Fire                   3
   e - Cause Fear                     Hexes                        4
   f - Leda's Liquefaction            Hexes/Earth                  4
   Trog disapproves of the use of such an item.
Comestibles
 c - 8 bread rations
 d - 5 beef jerkies
 k - 7 meat rations
 n - 11 chunks of flesh
 p - 10 royal jellies


   Skills:
 * Level 11.9 Fighting
 * Level 12.1 Axes
 * Level 11.8 Armour
 * Level 10.8 Dodging


You had 10 spell levels left.
You didn't know any spells.

Dungeon Overview and Level Annotations

Branches:
Dungeon (12/15)            Temple (0/1) D:4            Lair (0/6) D:9
    Orc (2/2) D:12
    Elf: Orc:2

Altars:
Makhleb
Trog

Shops:
D:9 (


Innate Abilities, Weirdness & Mutations

You reflexively headbutt those who attack you in melee.
You have a pair of horns on your head.
You are partially covered in iridescent scales. (AC +2)


Message History

* * * LOW HITPOINT WARNING * * *
You hit the stone giant but do no damage.
The stone giant is lightly wounded.
You slash the orc knight! You freeze the orc knight. You closely miss the orc.
You slash the orc warrior! You freeze the orc warrior.
The orc warrior closely misses you. You furiously retaliate!
You headbutt the orc warrior.
You kill the orc warrior!
Trog accepts your kill.
You slash the stone giant! You freeze the stone giant.
You headbutt the stone giant.
The stone giant is moderately wounded.
You completely miss the orc knight. You slash the orc! You freeze the orc.
You kill the orc!
Trog accepts your kill.
You barely miss the orc.
The orc knight hits you with a long sword!
* * * LOW HITPOINT WARNING * * *
The orc warrior hits you from afar with a glaive!!
You die...

.#.##.## #.$.
........# .....
...#...... ..$..
..........#.....
.........#......
...$............
........†.$.....
.......)....)...
.......o@....#..
......)Co.......
......(o.......#
.....h..........
................
.......§........
.......†........
......)....o....
.........#.....


You could see a stone giant, an orc knight, a warg, an orc warrior, an orc
wizard and an orc.

Vanquished Creatures
  A hydra (D:12)
  Harold (D:10)
  Erica (D:8)
  The ghost of Chiseanne the Fighter, a novice MiBe of Trog (D:9)
  An unseen horror (D:12)
  3 hill giants
  Pikel (D:4)
  2 cyclopes
  An ugly thing (D:11)
  Joseph (D:7)
  The ghost of Chiseanne the Chopper, a novice MiBe of Trog (D:6)
  A centaur skeleton (D:12)
  2 trolls (D:11)
  3 hornets (D:8)
  3 two-headed ogres
  A wraith (D:10)
  2 wyverns
  3 yaks
  A hungry ghost (D:8)
  Menkaure (D:4)
  3 wargs (D:12)
  A necrophage (D:10)
  2 slaves (D:4)
  2 ice beasts (D:10)
  2 sky beasts
  4 orc warriors
  3 black bears
  A phantom (D:9)
  7 centaurs
  5 ogres
  A crocodile (D:10)
  3 big kobolds
  6 bullfrogs
  2 scorpions
  4 killer bees (D:9)
  3 wights (D:10)
  3 howler monkeys (D:9)
  3 crimson imps
  4 bullfrog zombies
  2 centaur zombies
  6 orc priests
  4 hounds
  2 jellies
  10 orc wizards
  3 iguanas
  2 bullfrog skeletons
  4 worker ants
  2 worker ant zombies
  4 gnolls (D:5)
  5 adders
  3 shadow imps
  An ooze (D:5)
  4 worms
  2 leopard geckos
  36 orcs
  A ball python (D:2)
  2 bats (D:2)
  A giant cockroach (D:2)
  2 goblins (D:2)
  3 hobgoblins
  3 jackals (D:2)
  3 quokkas
  4 frilled lizards
  31 kobolds
  A quokka skeleton (D:8)
  9 rats
240 creatures vanquished.

Vanquished Creatures (others)
  An orc (D:4)
1 creature vanquished.

Grand Total: 241 creatures vanquished

Notes
Turn   | Place    | Note
-------+----------+-------------------------------------------
     0 | D:1      | Chiseanne the Minotaur Berserker began the quest for the Orb.
     0 | D:1      | Reached XP level 1. HP: 19/19 MP: 0/0
    85 | D:2      | Reached XP level 2. HP: 22/27 MP: 1/1
    87 | D:2      | Reached skill level 4 in Axes
   188 | D:2      | Reached XP level 3. HP: 10/33 MP: 2/2
   738 | D:2      | Noticed a moth of wrath
   741 | D:2      | Found a bloodstained altar of Trog.
   751 | D:2      | Reached ** piety under Trog
   962 | D:4      | Found a staircase to the Ecumenical Temple.
   962 | D:4      | Noticed a scorpion
   970 | D:4      | Reached XP level 4. HP: 26/40 MP: 3/3
  1079 | D:4      | Noticed Menkaure
  1086 | D:4      | Reached XP level 5. HP: 33/47 MP: 4/4
  1090 | D:4      | Killed Menkaure
  1090 | D:4      | Reached skill level 5 in Fighting
  1090 | D:4      | Reached skill level 5 in Axes
  1090 | D:4      | Reached XP level 6. HP: 40/56 MP: 5/5
  1497 | D:4      | Noticed Pikel
  1497 | D:4      | Noticed a slave
  1497 | D:4      | Noticed a slave
  1497 | D:4      | Noticed a slave
  1498 | D:4      | Noticed a slave
  1505 | D:4      | Killed a slave
  1505 | D:4      | Killed a slave
  1508 | D:4      | Killed Pikel
  1508 | D:4      | Reached skill level 6 in Axes
  1508 | D:4      | Reached skill level 5 in Armour
  1508 | D:4      | Reached skill level 5 in Dodging
  1508 | D:4      | Reached XP level 7. HP: 63/63 MP: 6/6
  1676 | D:5      | Entered Level 5 of the Dungeon
  1710 | D:5      | Reached XP level 8. HP: 61/71 MP: 7/7
  1800 | D:5      | Reached *** piety under Trog
  1939 | D:6      | Noticed Chiseanne's ghost (novice MiBe)
  1955 | D:6      | Killed Chiseanne's ghost
  1955 | D:6      | Reached skill level 7 in Axes
  2193 | D:8      | Reached XP level 9. HP: 80/81 MP: 8/8
  2195 | D:8      | Reached skill level 8 in Axes
  2381 | D:7      | Noticed Joseph
  2402 | D:7      | Killed Joseph
  2553 | D:8      | Reached skill level 9 in Axes
  2820 | D:8      | Paralysed by a hornet for 3 turns
  3095 | D:8      | Reached XP level 10. HP: 75/91 MP: 9/9
  3128 | D:8      | Gained mutation: You are partially covered in iridescent scales. (AC +2) [potion of beneficial mutation]
  3155 | D:8      | Noticed Erica
  3170 | D:8      | Killed Erica
  3355 | D:9      | Found a staircase to the Lair.
  3391 | D:9      | Reached skill level 10 in Axes
  3452 | D:9      | Reached skill level 10 in Fighting
  3692 | D:9      | Noticed Chiseanne's ghost (novice MiBe)
  3707 | D:9      | Killed Chiseanne's ghost
  3707 | D:9      | Reached skill level 10 in Armour
  3879 | D:9      | Found Ryassyhi's Weapon Shoppe.
  4079 | D:10     | Entered Level 10 of the Dungeon
  4112 | D:10     | Noticed Harold
  4124 | D:10     | Killed Harold
  4137 | D:10     | Reached **** piety under Trog
  4150 | D:10     | Reached XP level 11. HP: 87/101 MP: 10/10
  4238 | D:10     | Reached skill level 11 in Axes
  4361 | D:10     | Noticed a hill giant
  4370 | D:10     | Killed a hill giant
  4628 | D:10     | Noticed a hill giant
  4636 | D:10     | Killed a hill giant
  5150 | D:11     | Got a steaming robe
  5151 | D:11     | Identified the +2 robe "Daivix" {rN+} (You found it on level 11 of the Dungeon)
  5228 | D:11     | Reached skill level 10 in Dodging
  5422 | D:11     | Found a burning altar of Makhleb.
  5626 | D:12     | Noticed a hill giant
  5638 | D:12     | Noticed a six-headed hydra
  5640 | D:12     | Killed a hill giant
  5655 | D:11     | You fall through a shaft!
  5664 | D:12     | Killed a two-headed hydra
  5730 | D:11     | Noticed a cyan ugly thing
  5738 | D:11     | Killed a cyan ugly thing
  6011 | D:12     | Killed an unseen horror
  6048 | D:12     | Found a staircase to the Orcish Mines.
  6060 | D:12     | Reached skill level 12 in Axes
  6114 | Orc:1    | Entered Level 1 of the Orcish Mines
  6273 | Orc:2    | Entered Level 2 of the Orcish Mines
  6278 | Orc:2    | Noticed an orc knight
  6280 | Orc:2    | Noticed a stone giant
  6293 | Orc:2    | Mangled by an orc warrior

Skill      XL: |  1  2  3  4  5  6  7  8  9 10 11 |
---------------+----------------------------------+-----
Axes           | 4 5 6 7 9 10 12 | 12.1
Armour         | 3 4 5 6 7 9 10 11 | 11.8
Fighting       | 4 5 6 7 9 10 11 | 11.9
Dodging        | 3 5 6 8 9 10 | 10.8

Action                   |  1- 3 |  4- 6 |  7- 9 | 10-12 || total
-------------------------+-------+-------+-------+-------++-------
Melee: Hand axe          |    72 |    34 |   246 |    29 ||   381
       Headbutt          |     5 |     8 |    48 |    73 ||   134
       Scimitar          |       |       |       |   105 ||   105
       War axe           |       |       |       |   129 ||   129
Throw: Tomahawk          |       |       |     1 |    13 ||    14
Invok: Berserk           |     2 |     4 |     4 |     7 ||    17
       Trog's Hand       |       |     3 |     9 |    15 ||    27
       Burn Spellbooks   |       |       |       |     1 ||     1
Evoke: Wand              |       |       |       |     5 ||     5
  Use: Scroll            |     4 |     2 |     7 |    12 ||    25
       Potion            |       |     1 |     1 |     1 ||     3
 Stab: Sleeping          |     1 |       |       |     1 ||     2
  Eat: Chunk             |     2 |     5 |    11 |    19 ||    37
       Fruit             |       |       |     1 |     2 ||     3
       Beef jerky        |       |       |       |     2 ||     2
Armor: Animal skin       |    12 |       |       |       ||    12
       Chain mail        |       |    11 |   118 |    75 ||   204
       Skin              |       |     3 |       |       ||     3
       Ring mail         |       |       |       |    85 ||    85
Dodge: Dodged            |    51 |    20 |   147 |   228 ||   446
       Rpst.: Scimitar   |       |       |       |    21 ||    21
